 Dungeon Crawl Stone Soup version 0.30-a0-830-gfe289a77b0 (webtiles) character file.

Game seed: 465508295028878607

712 Ceno the Sneak (level 7, -8/32 HPs)
             Began as a Spriggan Hexslinger on Mar 1, 2023.
             Killed by an exploding orc (40 damage)
             ... ignited by their inner flame
             ... on level 6 of the Dungeon.
             The game lasted 00:20:07 (5641 turns).

Ceno the Sneak (Spriggan Hexslinger)                Turns: 5641, Time: 00:20:07

Health: -8/32      AC:  5    Str:  6    XL:     7   Next: 41%
Magic:  7/10       EV: 17    Int: 14    God:
Gold:   270        SH:  0    Dex: 18    Spells: 4/8 levels left

rFire   . . .      SeeInvis +    a - +2 sling
rCold   . . .      Faith    .    (no shield)
rNeg    . . .      Spirit   .    c - +0 robe
rPois   .          Reflect  .    x - +2 hat
rElec   .          Harm     .    h - +0 cloak
rCorr   .          Rampage  .    (gloves unavailable)
Will    +....                    (boots unavailable)
Stlth   +++                      (no amulet)
HPRegen 0.25/turn                (no ring)
MPRegen 0.12/turn                (no ring)

@: very quick
A: very small, no large weapons, unfitting armour, see invisible, speed 3
a: no special abilities


You were on level 6 of the Dungeon.
You visited 1 branch of the dungeon, and saw 6 of its levels.

You collected 270 gold pieces.

Inventory:

Hand Weapons
 a - a +2 sling (weapon)
 b - a +0 dagger
 t - a +1 short sword of venom
Missiles
 u - 8 poisoned darts
 v - 6 curare-tipped darts
Armour
 c - a +0 robe (worn)
 h - a +0 cloak (worn)
 x - a +2 hat (worn)
Jewellery
 z - the ring "Orudiu" {+Blink rC+ SInv}
   (You found it on level 4 of the Dungeon)

   [ring of protection from cold]

   rC:        It protects you from cold.
   SInv:      It lets you see invisible.
   +Blink:    It lets you blink.
Wands
 w - a wand of light (10)
Scrolls
 d - 2 scrolls of amnesia
 e - 3 scrolls of poison
 f - 2 scrolls of teleportation
 i - 3 scrolls of identify {unknown}
 k - a scroll of brand weapon {unknown}
 l - a scroll of fear {unknown}
 m - a scroll of enchant armour {unknown}
 o - a scroll of magic mapping {unknown}
 p - a scroll of enchant weapon
 r - a scroll of immolation {unknown}
 y - a scroll of blinking {unknown}
Potions
 g - a potion of degeneration {unknown}
 j - a potion of brilliance {unknown}
 n - 3 potions of curing {unknown}
 q - a potion of haste {unknown}
 s - a potion of invisibility {unknown}
 A - a potion of lignification {unknown}


   Skills:
 - Level 0.7 Fighting
 + Level 6.1 Ranged Weapons
 - Level 2.6 Dodging
 + Level 6.1 Stealth
 - Level 1.3 Spellcasting
 + Level 4.3 Hexes
 + Level 2.6 Fire Magic


You had 4 spell levels left.
You knew the following spells:

 Your Spells              Type           Power      Damage    Failure   Level
a - Slow                  Hex            48%        N/A       4%          1
b - Inner Flame           Hex/Fire       10%        N/A       19%         3

Your spell library contained the following spells:

 Spells                   Type           Power      Damage    Failure   Level
 Magic Dart               Conj           0%         1d3       26%         1
 Portal Projectile        Hex/Tloc       12%        N/A       32%         3
 Call Imp                 Summ           0%         N/A       36%         2
 Cause Fear               Hex            6%         N/A       41%         4
 Mephitic Cloud           Conj/Pois/Air  0%         N/A       58%         3


Dungeon Overview and Level Annotations

Branches:
Dungeon (6/15)
 Temple: D:4-7

Altars:
Cheibriados
Okawaru
Ru

Shops:
D:2 (   D:3 [


Innate Abilities, Weirdness & Mutations

You are very small and have problems with some larger weapons.
You are too small for most types of armour.
You have supernaturally acute eyesight. (SInv)
You cover ground extremely quickly. (Speed+++)


Message History

An orc is wielding a +0 mace and wearing a +0 leather armour of poison resistance.
An orc is wielding a +2 falchion of holy wrath.
Casting: Inner Flame (quite dangerous; 19% risk of failure)
Confirm with . or Enter, or press ? or * to list all spells.
The spell is quite dangerous to miscast (19% risk of failure)!
Continue anyway?
Aiming: Inner Flame (quite dangerous; 19% risk of failure)
Press: ? - help, Dir - move target, f - orc
Aim: an orc, wielding a +2 falchion of holy wrath (asleep, chance to affect: 76%)
The orc shouts!
The orc is filled with an inner flame.
The orc wizard points at you and mumbles some strange words.
The puff of flame misses you.
Fire: a) +2 sling
Press: ? - help, Q - select action, (/) - cycle Shift-Dir - straight line, f/p - orc
Aim: an orc, wielding a +2 falchion of holy wrath (inner flame, 64% to hit)
You shoot a sling bullet. The sling bullet barely misses the orc.
The orc warrior shouts!
The orc shouts!
The orc warrior unwields a +0 trident.
The orc warrior wields a +0 arbalest.
The orc warrior shoots a bolt.
The bolt misses you.
Fire: a) +2 sling
Press: ? - help, Q - select action, (/) - cycle Shift-Dir - straight line, f/p - orc
Aim: an orc, wielding a +2 falchion of holy wrath (inner flame, 64% to hit)
You shoot a sling bullet. The sling bullet barely misses the orc.
Fire: a) +2 sling
Press: ? - help, Q - select action, (/) - cycle Shift-Dir - straight line, f/p - orc
Aim: an orc, wielding a +2 falchion of holy wrath (inner flame, 64% to hit)
You shoot a sling bullet.
The sling bullet closely misses the orc.
The orc barely misses you.
Fire: a) +2 sling
Press: ? - help, Q - select action, (/) - cycle Shift-Dir - straight line, f/p - orc
Aim: an orc, wielding a +2 falchion of holy wrath (inner flame, 64% to hit)
You shoot a sling bullet. The sling bullet hits the orc.
Flame seeps out of the orc.
The orc is moderately wounded.
The orc is engulfed in blazing flames.
The orc explodes!
The fiery explosion engulfs you!!!
Ouch! That really hurt!
You die...

#### ##### #.... ...
#... ....# ...
#.####...# ##..
...>.....#######...
.................. .
..#..........##..## _..
..#.............o.#.).).
...>............@§§o....
######...######.#○§.###.
#...# #.##§..# ##..#
###.# #o.... ##.# #...#
#.### #.# #.### .# ##.##
#.# # #####...###.#
.............#


You could see an orc warrior, an orc wizard and an orc.

Vanquished Creatures
  An ice beast (D:5)
  A phantom (D:2)
  A necrophage (D:4)
  2 scorpions (D:5)
  An orc priest (D:5)
  An iron imp (D:4)
  5 orc wizards (D:5)
  A gnoll (D:5)
  9 adders
  2 worms
  4 dart slugs
  11 orcs
  6 endoplasms
  6 giant cockroaches
  3 goblins
  6 hobgoblins
  3 jackals (D:1)
  7 kobolds
  5 ball pythons (D:1)
  5 bats
  3 frilled lizards
  8 rats
91 creatures vanquished.

Notes
Turn   | Place    | Note
-------+----------+-------------------------------------------
     0 | D:1      | Ceno the Spriggan Hexslinger began the quest for the Orb.
     0 | D:1      | Reached XP level 1. HP: 9/9 MP: 3/3
   235 | D:1      | Reached skill level 1 in Stealth
   279 | D:1      | Reached XP level 2. HP: 14/14 MP: 3/5
  1432 | D:2      | Reached XP level 3. HP: 17/17 MP: 4/6
  1478 | D:2      | Found Xuhuil's Weapon Shop.
  1874 | D:2      | Learned a level 3 spell: Inner Flame
  1948 | D:2      | Reached XP level 4. HP: 21/21 MP: 7/7
  2289 | D:3      | Noticed a phantom
  2367 | D:2      | Killed a phantom
  2368 | D:2      | Reached skill level 1 in Fire Magic
  2368 | D:2      | Reached XP level 5. HP: 25/25 MP: 1/8
  3119 | D:3      | Found Lusata's Armour Boutique.
  3470 | D:4      | Found a sacrificial altar of Ru.
  3828 | D:4      | Identified the ring "Orudiu" {+Blink rC+ SInv}
  4338 | D:4      | Found a snail-covered altar of Cheibriados.
  4521 | D:5      | Entered Level 5 of the Dungeon
  4577 | D:4      | Reached XP level 6. HP: 29/29 MP: 4/9
  4719 | D:5      | Reached skill level 5 in Ranged Weapons
  4719 | D:5      | Reached skill level 5 in Stealth
  4966 | D:5      | Noticed an ice beast
  5085 | D:5      | Reached XP level 7. HP: 32/32 MP: 3/10
  5635 | D:6      | Found an iron altar of Okawaru.
  5641 | D:6      | Killed by an exploding orc... ignited by their inner flame

Illustrated notes

Levels and vault maps discovered:
D:1:      evilmike_arrival_crescent, layout_basic
D:2:      layout_loops_ring, serial_shops, nicolae_shop_advertising_works
          [nicolae_subvault_shop_adworks]
D:3:      kb_forest_paths, layout_rooms, serial_shops, nicolae_square_shop,
          minmay_misc_feat_encased
D:4:      layout_basic, nicolae_ru_path_of_blood, chei_slow_surprise,
          nicolae_underground_beach
D:5:      layout_rooms
D:6:      layout_loops_ring, okawaru_ov_weapons_minmay,
          nicolae_wu_jian_immortal_techniques,
          minmay_temple_entry_enclosed_plants, serial_rivers,
          chequers_serial_rivers_large_a, chequers_serial_rivers_micro_a,
          chequers_serial_rivers_marsh, chequers_serial_rivers_micro_d,
          chequers_serial_rivers_micro_a, chequers_serial_rivers_small_a

Skill      XL: |  1  2  3  4  5  6  7 |
---------------+----------------------+-----
Stealth        | 1 2 3 4 5 6 |  6.1
Hexes          | 4 |  4.3
Ranged Weapons | 3 4 5 6 |  6.1
Fire Magic     | 1 2 |  2.6
Fighting       | |  0.7
Dodging        | |  2.6
Spellcasting   | |  1.3

Action                     |  1- 3 |  4- 6 |  7- 9 || total
---------------------------+-------+-------+-------++-------
  Melee: Dagger            |     3 |    14 |       ||    17
   Fire: Sling             |   144 |   154 |    19 ||   317
  Throw: Dart              |       |     3 |       ||     3
   Cast: Slow              |    36 |     9 |       ||    45
         Inner Flame       |       |    25 |     4 ||    29
    Use: Scroll            |       |     3 |       ||     3
   Stab: Sleeping          |     2 |     4 |       ||     6
 Armour: Robe              |    15 |     6 |       ||    21
  Dodge: Dodged            |    35 |    44 |     3 ||    82

Table legend: (Time is in decaauts)
 A = Elapsed time spent in this place.
 B = Non-inter-level travel time spent in this place.
 C = Inter-level travel time spent in this place.
 D = Time resting spent in this place.
 E = Time spent auto-exploring this place.
 F = Levels seen in this place.
 G = Mean time per level.
                   A        B        C        D        E       F      G
               +--------+--------+--------+--------+--------+-----+--------+
         Total |   4055 |   3870 |    185 |    878 |   1568 |   6 |  675.8 |
       Dungeon |   4055 |   3870 |    185 |    878 |   1568 |   6 |  675.8 |
               +--------+--------+--------+--------+--------+-----+--------+

Top non-repeatable levels by time:
     D:2: 917 daAuts
     D:3: 908 daAuts
     D:1: 788 daAuts
     D:4: 710 daAuts
     D:5: 696 daAuts
     D:6: 34 daAuts
